 Dungeon Crawl Stone Soup version 0.30-a0-918-g0ff054e9dc (webtiles) character file.

Game seed: 7878335258029661134

112 NotreDorf the Ducker (level 4, -5/35 HPs)
             Began as a Merfolk Gladiator on Mar 20, 2023.
             Slain by a gnoll
             ... wielding a +0 halberd
              (13 damage)
             ... on level 4 of the Dungeon.
             The game lasted 00:10:15 (2432 turns).

NotreDorf the Ducker (Merfolk Gladiator)            Turns: 2432, Time: 00:10:16

Health: -5/35      AC:  5    Str: 16    XL:     4   Next: 93%
Magic:  6/6        EV: 13    Int:  7    God:
Gold:   110        SH:  0    Dex: 15    Spells: 6/6 levels left

rFire   . . .      SeeInvis .    a - +0 trident
rCold   . . .      Faith    .    p - orb {mayhem}
rNeg    . . .      Spirit   .    b - +0 leather armour
rPois   .          Reflect  .    h - +1 helmet
rElec   .          Rampage  .    (no cloak)
rCorr   .                        (no gloves)
Will    .....                    (no boots)
Stlth   +                        (no amulet)
HPRegen 0.25/turn                (no ring)
MPRegen 0.10/turn                (no ring)

@: no status effects
A: (nimble swimmer 2), mertail
a: no special abilities


You were on level 4 of the Dungeon.
You visited 1 branch of the dungeon, and saw 4 of its levels.

You collected 110 gold pieces.

Inventory:

Hand Weapons
 a - a +0 trident (weapon)
Missiles
 d - 3 throwing nets (quivered)
 e - a javelin
Armour
 b - a +0 leather armour (worn)
 h - a +1 helmet (worn)
 p - an orb of mayhem (worn)
Jewellery
 o - an amulet of magic regeneration
Scrolls
 f - a scroll of teleportation {unknown}
 i - a scroll of magic mapping {unknown}
 k - 4 scrolls of immolation {unknown}
 l - a scroll of brand weapon {unknown}
 q - a scroll of blinking {unknown}
Potions
 c - 3 potions of curing {unknown}
 g - a potion of brilliance {unknown}
 j - a potion of lignification {unknown}
 m - a potion of heal wounds {unknown}
 n - a potion of resistance {unknown}


   Skills:
 + Level 3.2 Fighting
 + Level 4.9 Polearms
 - Level 2.0 Throwing
 + Level 4.9 Dodging
 + Level 0.6 Stealth
 + Level 1.7 Spellcasting


You had 6 spell levels left.
You didn't know any spells.
Your spell library contained the following spells:

 Spells                   Type           Power      Damage    Failure   Level
 Beastly Appendage        Tmut           0%         N/A       43%         1
 Wereblood                Tmut           0%         N/A       58%         2
 Hailstorm                Conj/Ice       0%         3d3       82%         3
 Spider Form              Tmut/Pois      0%         N/A       82%         3
 Ice Form                 Ice/Tmut       0%         N/A       99%         4
 Simulacrum               Ice/Necr       0%         N/A       100%        6


Dungeon Overview and Level Annotations

Branches:
Dungeon (4/15)
 Temple: D:4-7

Altars:

Shops:
D:1 (


Innate Abilities, Weirdness & Mutations

((You are very nimble when in or above water. (Stealth+, EV+, Speed+++)))
Your lower body shifts to a powerful aquatic tail in water.


Message History

Reach: a) +0 trident
Press: ? - help, Dir - move target, f/p - gnoll
Aim: a gnoll, wielding a +0 halberd (moderately wounded, about 36% to evade your +0 trident)
The gnoll is in the way.
You barely miss the gnoll. The gnoll closely misses you.
The gnoll hits you from afar with a +0 halberd!
Reach: a) +0 trident
Press: ? - help, Dir - move target, f/p - gnoll
Aim: a gnoll, wielding a +0 halberd (moderately wounded, about 36% to evade your +0 trident)
You reach to attack!
You hit the gnoll.
The gnoll is severely wounded.
The gnoll hits you with a +0 club. The gnoll misses you.
Reach: a) +0 trident
Press: ? - help, Dir - move target, f/p - gnoll
Aim: a gnoll, wielding a +0 halberd (severely wounded, about 36% to evade your +0 trident)
You reach to attack!
You hit the gnoll.
The gnoll is severely wounded.
The gnoll hits you with a +0 club. The gnoll closely misses you.
Reach: a) +0 trident
Press: ? - help, Dir - move target, f/p - gnoll
Aim: a gnoll, wielding a +0 halberd (severely wounded, about 36% to evade your +0 trident)
The gnoll is in the way.
You hit the gnoll.
The gnoll is heavily wounded.
The gnoll closely misses you.
The gnoll hits you from afar with a +0 halberd!
Reach: a) +0 trident
Press: ? - help, Dir - move target, f/p - gnoll
Aim: a gnoll, wielding a +0 halberd (severely wounded, about 36% to evade your +0 trident)
The gnoll is in the way.
You barely miss the gnoll.
The gnoll is heavily wounded.
The gnoll hits you with a +0 club. The gnoll closely misses you.
Reach: a) +0 trident
Press: ? - help, Dir - move target, f/p - gnoll
Aim: a gnoll, wielding a +0 halberd (severely wounded, about 36% to evade your +0 trident)
You reach to attack!
You closely miss the gnoll.
The gnoll is severely wounded.
The gnoll hits you with a +0 club.
* * * LOW HITPOINT WARNING * * *
The gnoll hits you from afar with a +0 halberd!
You die...

# ####. .##
.[..sg####
..#
.....gg@.#
#>#
.#######.###
#.# #...##
#.#
###..###.#
#.# ##..##.#
#.# ##.##.##
#.# #.##..#
#.# #
#..##.###.#
..
##.....##.#


You could see a scorpion and 3 gnolls.

Vanquished Creatures
  5 adders
  3 dart slugs
  7 ball pythons
  3 bats
  5 endoplasms
  2 giant cockroaches (D:1)
  7 goblins
  5 hobgoblins
  7 jackals
  2 quokkas
  3 frilled lizards
  2 kobolds
  6 rats
57 creatures vanquished.

Notes
Turn   | Place    | Note
-------+----------+-------------------------------------------
     0 | D:1      | NotreDorf the Merfolk Gladiator began the quest for the
                  | Orb.
     0 | D:1      | Reached XP level 1. HP: 16/16 MP: 1/1
   107 | D:1      | Reached XP level 2. HP: 23/23 MP: 2/2
   304 | D:1      | Found Faymanais's Antique Weapon Shoppe.
   489 | D:1      | Reached skill level 1 in Spellcasting
   489 | D:1      | Reached XP level 3. HP: 28/28 MP: 4/4
  1223 | D:2      | Reached XP level 4. HP: 34/34 MP: 6/6
  1366 | D:2      | Found a faded altar of an unknown god.
  2426 | D:4      | Noticed a scorpion
  2432 | D:4      | Slain by a gnoll

Illustrated notes

Levels and vault maps discovered:
D:1:      wander_arrival_desolate, layout_basic, serial_shops, shop
D:2:      layout_loops_ring, ebering_ecumenical_altar_sacrificial,
          minmay_surrounded
D:3:      layout_basic, st_stairs_10
D:4:      layout_rooms, mainiacjoe_overflow_boulevard, uniq_robin, uniq_grinder

Skill      XL: |  1  2  3  4 |
---------------+-------------+-----
Spellcasting   | 1 |  1.7
Fighting       | 3 |  3.2
Polearms       | |  4.9
Throwing       | |  2.0
Dodging        | |  4.9
Stealth        | |  0.6

Action                     |  1- 3 |  4- 6 || total
---------------------------+-------+-------++-------
  Melee: Trident           |    99 |    74 ||   173
         Punch             |     1 |       ||     1
   Stab: Sleeping          |     2 |     2 ||     4
 Armour: Leather armour    |    16 |    20 ||    36
  Dodge: Dodged            |    47 |    44 ||    91

Table legend: (Time is in decaauts)
 A = Elapsed time spent in this place.
 B = Non-inter-level travel time spent in this place.
 C = Inter-level travel time spent in this place.
 D = Time resting spent in this place.
 E = Time spent auto-exploring this place.
 F = Levels seen in this place.
 G = Mean time per level.
                   A        B        C        D        E       F      G
               +--------+--------+--------+--------+--------+-----+--------+
         Total |   2443 |   2376 |     67 |      0 |   1982 |   4 |  610.8 |
       Dungeon |   2443 |   2376 |     67 |      0 |   1982 |   4 |  610.8 |
               +--------+--------+--------+--------+--------+-----+--------+

Top non-repeatable levels by time:
     D:1: 975 daAuts
     D:3: 711 daAuts
     D:2: 704 daAuts
     D:4: 52 daAuts
